 Dungeon Crawl Stone Soup version 0.19.1 (webtiles) character file.

1293 Firecrotchwizard the Cudgeler (level 8, 0/124 HPs)
             Began as a Troll Berserker on Nov 29, 2016.
             Was a Priest of Trog.
             Killed from afar by an electric eel (6 damage)
             ... with a bolt of electricity
             ... on level 6 of the Dungeon.
             The game lasted 00:14:05 (4100 turns).

Firecrotchwizard the Cudgeler (Troll Berserker)     Turns: 4100, Time: 00:14:05

Health: 0/124      AC:  7    Str: 31    XL:     8   Next: 30%
Magic:  7/7        EV: 11    Int:  9    God:    Trog [***...]
Gold:   406        SH:  0    Dex: 10    Spells: 0 memorised, 7 levels left

rFire  . . .     SeeInvis .     K - +0 giant club
rCold  + . .     Gourm    +     b - +1 animal skin
rNeg   . . .     Faith    .     (shield currently unavailable)
rPois  .         Spirit   .     (helmet restricted)
rElec  .         Reflect  .     t - +0 cloak of Pathos {Int+5}
rCorr  .         Harm     .     (gloves unavailable)
MR     ++...                    (boots unavailable)
Stlth  ..........               (no amulet)
                                B - ring of protection from cold
                                C - +2 ring of slaying

@: berserking, regenerating, very quick
A: unfitting armour, claws 3, fast metabolism 3, gourmand, regeneration 1,
shaggy fur 1, tough skin 2
a: Berserk, Trog's Hand, Burn Spellbooks, Renounce Religion


You were on level 6 of the Dungeon.
You worshipped Trog.
Trog was most pleased with you.
You were full.

You visited 2 branches of the dungeon, and saw 7 of its levels.

You collected 406 gold pieces.

Inventory:

Hand Weapons
 a - a +0 mace
 e - a +0 whip
 y - a +0 mace of holy wrath
 K - a +0 giant club (weapon)
Missiles
 g - 2 javelins (quivered)
 l - 182 stones
 o - 13 tomahawks
 L - a throwing net
Armour
 b - a +1 animal skin (worn)
 t - the +0 cloak of Pathos (worn) {Int+5}
   (You found it on level 4 of the Dungeon)

   It affects your intelligence (+5).
Jewellery
 j - an uncursed ring of fire
 B - a ring of protection from cold (right claw)
 C - a +2 ring of slaying (left claw)
Wands
 r - a wand of iceblast (15/15)
 H - a wand of acid (10/15)
Scrolls
 h - 2 scrolls of identify
 s - 2 scrolls of amnesia
 v - a scroll of blinking
 G - a scroll of recharging
Potions
 d - 2 potions of curing {unknown}
 i - 2 potions of might
 m - 3 potions of heal wounds {unknown}
 n - a potion of brilliance {unknown}
 q - a potion of ambrosia {unknown}
 w - a potion of lignification {unknown}
 x - a potion of invisibility {unknown}
 D - a potion of resistance {unknown}
 F - a potion of haste {unknown}
Comestibles
 c - 7 bread rations
 f - 4 meat rations
 k - 7 fruits
 p - 3 beef jerkies
 A - 2 slices of pizza


   Skills:
 * Level 5.7 Fighting
 * Level 6.5 Maces & Flails
 + Level 4.5 Dodging


You had 7 spell levels left.
You didn't know any spells.

Dungeon Overview and Level Annotations

Branches:
Dungeon (6/15)             Temple (1/1) D:4

Altars:
Cheibriados
Dithmenos
Elyvilon
Hepliaklqana
Makhleb
Okawaru
Ru
Sif Muna
Uskayaw
Vehumet
Yredelemnul
The Shining One


Innate Abilities, Weirdness & Mutations

You are too large for most types of armour.
You have claws for hands.
Your metabolism is lightning-fast.
You like to eat raw meat.
Your natural rate of healing is unusually fast.
You are covered in fur. (AC +1)
You have very tough skin. (AC +2)


Message History

The electric eel shoots out a bolt of lightning at you!
The bolt of electricity misses you. The bolt of electricity hits you!
The electric eel shoots out a bolt of lightning at you!
The bolt of electricity hits you! x2
* * * LOW HITPOINT WARNING * * *
The bolt of electricity hits the electric eel.
The electric eel completely resists.
Your skin crawls.
You feel resistant to hostile enchantments.
You feel somewhat less full.
The electric eel shoots out a bolt of lightning at you!
The bolt of electricity hits you!
* * * LOW HITPOINT WARNING * * *
The bolt of electricity hits you!
* * * LOW HITPOINT WARNING * * *
A red film seems to cover your vision as you go berserk!
You feel yourself moving faster!
You feel mighty!
The electric eel shoots out a bolt of lightning at you!
The bolt of electricity hits you!
You die...

#.##.# #.#.# #.... #.##.# #.#.#
#.#.) #.##.# #.#.###.#..
#.##.######.......)[.
##.##........#####.##.
##...#######.......<.#.
##.###.####....#####).#. ##.##
##...#....## #).#. #..#
#.@.......o..##..#. ##### ##..##
#.≈;≈≈.≈≈≈≈≈.....#. ##...###....#
#.≈;≈≈.≈≈≈≈≈.###.#.
#.....#.###.....≈≈≈≈.≈≈≈≈≈.....<.
.###....# .#...≈≈≈≈.≈≈≈≈≈..#....
## ##.#.###.#...≈≈≈≈.......#.#.##
# #.................≈≈≈≈ #.#.# ##
##.#######...≈≈≈≈≈.≈≈≈ #.#.#
.###.## ≈ . ..#


You could see 2 electric eels.

Vanquished Creatures
  An orc warrior (D:6)
  A sky beast (D:6)
  4 ogres
  A centaur (D:6)
  A wyvern skeleton (D:6)
  A howler monkey (D:6)
  A centaur zombie (D:6)
  A crimson imp (D:5)
  2 orc priests (D:6)
  2 orc wizards (D:4)
  2 iguanas (D:5)
  4 worker ants
  6 gnolls
  8 adders
  6 oozes
  2 dart slugs (D:2)
  6 leopard geckos
  13 orcs
  3 giant cockroaches
  5 goblins
  11 hobgoblins
  8 jackals
  6 kobolds
  A quokka (D:4)
  A ball python (D:3)
  8 bats
  5 frilled lizards
  4 rats
114 creatures vanquished.

Vanquished Creatures (others)
  A rat (D:3)
1 creature vanquished.

Grand Total: 115 creatures vanquished

Notes
Turn   | Place    | Note
-------+----------+-------------------------------------------
     0 | D:1      | Firecrotchwizard the Troll Berserker began the quest for the Orb.
     0 | D:1      | Reached XP level 1. HP: 22/22 MP: 0/0
    27 | D:1      | Reached skill level 3 in Maces & Flails
    41 | D:1      | Reached XP level 2. HP: 29/29 MP: 1/1
   729 | D:2      | Reached XP level 3. HP: 36/36 MP: 2/2
   908 | D:2      | Reached ** piety under Trog
  1011 | D:2      | Found a snail-covered altar of Cheibriados.
  1023 | D:2      | Reached XP level 4. HP: 37/45 MP: 3/3
  1050 | D:2      | Found a glowing golden altar of the Shining One.
  1443 | D:3      | Found a sacrificial altar of Ru.
  1510 | D:3      | Found a basalt altar of Yredelemnul.
  1898 | D:3      | Reached skill level 4 in Maces & Flails
  1898 | D:3      | Reached XP level 5. HP: 50/53 MP: 4/4
  1907 | D:3      | Found a hide-covered altar of Uskayaw.
  1968 | D:3      | Found an iron altar of Okawaru.
  2069 | D:3      | Found a white marble altar of Elyvilon.
  2122 | D:3      | You fall through a shaft!
  2159 | D:4      | Noticed an ogre
  2167 | D:4      | Killed an ogre
  2223 | D:4      | Found a staircase to the Ecumenical Temple.
  2236 | D:4      | Got a faintly humming cloak
  2265 | Temple   | Entered the Ecumenical Temple
  2284 | Temple   | Identified the cursed +0 cloak of Pathos {Int+5} (You found it on level 4 of the Dungeon)
  2292 | D:4      | Reached XP level 6. HP: 61/62 MP: 5/5
  2348 | D:4      | Found a burning altar of Makhleb.
  2946 | D:5      | Entered Level 5 of the Dungeon
  3034 | D:5      | Found a shadowy altar of Dithmenos.
  3097 | D:5      | Reached skill level 5 in Maces & Flails
  3139 | D:5      | Found a hazy altar of Hepliaklqana.
  3198 | D:5      | Reached *** piety under Trog
  3264 | D:5      | Found a radiant altar of Vehumet.
  3373 | D:5      | Reached XP level 7. HP: 39/71 MP: 6/6
  3653 | D:6      | Reached skill level 5 in Fighting
  3866 | D:6      | Reached skill level 6 in Maces & Flails
  3946 | D:6      | Reached XP level 8. HP: 60/81 MP: 7/7
  4068 | D:6      | Found a deep blue altar of Sif Muna.
  4099 | D:6      | HP: 3/83 [electric eel/bolt of electricity (7)]
  4100 | D:6      | Killed from afar by an electric eel

Skill      XL: |  1  2  3  4  5  6  7 |
---------------+----------------------+-----
Maces & Flails | 3 4 5 6 |  6.5
Fighting       | 3 4 5 |  5.7
Dodging        | 3 4 |  4.5

Action                   |  1- 3 |  4- 6 |  7- 9 || total
-------------------------+-------+-------+-------++-------
Melee: Mace              |    47 |       |       ||    47
       Whip              |   100 |   370 |    28 ||   498
       Giant club        |       |       |    63 ||    63
Throw: Javelin           |       |     2 |       ||     2
Invok: Berserk           |       |     2 |     2 ||     4
       Trog's Hand       |       |     2 |     2 ||     4
  Use: Scroll            |       |     8 |     4 ||    12
 Stab: Sleeping          |     1 |     2 |       ||     3
  Eat: Chunk             |     9 |    31 |     6 ||    46
Armor: Animal skin       |    64 |   140 |    37 ||   241
Dodge: Dodged            |    95 |   207 |    84 ||   386
